 Dungeon Crawl Stone Soup version 0.28.0-1-gb440e238dd (webtiles) character file.

Game seed: 12306730049383424995

219 croobank the Insei (level 5, -35/41 HPs)
             Began as a Gnoll Transmuter on Feb 21, 2022.
             Killed by an exploding wight (38 damage)
             ... ignited by their inner flame
             ... on level 7 of the Dungeon.
             The game lasted 00:09:57 (2937 turns).

croobank the Insei (Gnoll Transmuter)               Turns: 2937, Time: 00:09:57

Health: -35/41     AC:  3    Str: 10    XL:     5   Next: 96%
Magic:  12/12      EV: 13    Int: 14    God:
Gold:   61         SH:  0    Dex: 12    Spells: 4/14 levels left

rFire   . . .      SeeInvis +   w - +2 whip (flame)
rCold   . . .      Faith    .   (no shield)
rNeg    . . .      Spirit   .   e - +0 leather armour
rPois   .          Reflect  .   (helmet currently unavailable)
rElec   .          Harm     .   (no cloak)
rCorr   .          Rampage  .   (no gloves)
Will    .....                   (boots currently unavailable)
Stlth   ++........              (no amulet)
HPRegen 0.13/turn               u - ring of see invisible
MPRegen 0.13/turn               (no ring)

@: appendages (expiring), attractive
A: horns 2, talons 2, fangs 1, strong nose, distributed training
a: End Transformation


You were on level 7 of the Dungeon.
You had temporarily grown beastly horns and talons.
You visited 1 branch of the dungeon, and saw 5 of its levels.

You collected 61 gold pieces.

Inventory:

Hand Weapons
 a - a +3 falchion
 d - a +1 dagger of holy wrath
 o - a +0 morningstar
 p - a +2 mace of holy wrath
 w - a +2 whip of flaming (weapon)
Missiles
 h - 74 stones
 i - 12 boomerangs (quivered)
 j - 12 arrows
 m - 2 poisoned darts
Armour
 c - a +2 pair of boots
 e - a +0 leather armour (worn)
 f - a +0 robe
 k - a +0 plate armour
 n - a +0 ring mail
Magical Staves
 l - a staff of fire
 s - a staff of conjuration
Jewellery
 u - a ring of see invisible (left hand)
Scrolls
 g - a scroll of immolation
Potions
 r - a potion of heal wounds
 t - a potion of might {unknown}
 v - a potion of berserk rage {unknown}


   Skills:
 + Level 3.1 Fighting
 + Level 1.7 Short Blades
 + Level 1.7 Long Blades
 + Level 1.7 Axes
 + Level 1.7 Maces & Flails
 + Level 1.7 Polearms
 + Level 1.7 Staves
 + Level 1.7 Slings
 + Level 1.7 Bows
 + Level 1.7 Crossbows
 + Level 1.7 Throwing
 + Level 1.7 Armour
 + Level 4.9 Dodging
 + Level 1.7 Stealth
 + Level 1.7 Shields
 + Level 6.7 Unarmed Combat
 + Level 5.2 Spellcasting
 + Level 1.3 Conjurations
 + Level 1.3 Hexes
 + Level 1.3 Summonings
 + Level 1.3 Necromancy
 + Level 1.3 Translocations
 + Level 4.0 Transmutations
 + Level 1.3 Fire Magic
 + Level 1.3 Ice Magic
 + Level 1.3 Air Magic
 + Level 1.3 Earth Magic
 + Level 1.3 Poison Magic
 + Level 1.9 Invocations
 + Level 1.7 Evocations


You had 4 spell levels left.
You knew the following spells:

 Your Spells              Type           Power      Damage    Failure   Level
a - Beastly Appendage     Tmut           30%        N/A       4%          1
b - Wereblood             Tmut           15%        N/A       6%          2
c - Spider Form           Tmut/Pois      11%        N/A       22%         3
d - Ice Form              Ice/Tmut       11%        N/A       58%         4

Your spell library contained the following spells:

 Spells                   Type           Power      Damage    Failure   Level


Dungeon Overview and Level Annotations

Branches:
Dungeon (7/15)
 Temple: D:4-7

Altars:


Innate Abilities, Weirdness & Mutations

You have temporarily grown beastly horns and talons.
You have very sharp teeth.
Your uncanny sense of smell can sniff out nearby items.
Your experience applies equally to all skills.


Message History

The creatures around you are filled with an inner flame!
The orc closely misses you.
A gnoll comes into view. It is wielding a +0 whip.
The necrophage barely misses you.
The gnoll shaman is attracted toward you.
The wight is attracted toward you. x2; The gnoll is attracted toward you.
As you read the scroll labelled XAROOWK XIGESOK, it crumbles to dust.
It is a scroll of identify.
r - 2 potions of heal wounds The orc barely misses you.
The wight barely misses you.
A gnoll comes into view. It is wielding a +0 whip.
The necrophage hits you but does no damage.
The gnoll shaman is attracted toward you.
The gnoll is attracted toward you. x2
You feel much better.
The gnoll shouts!
You hear a shout!
The orc hits you with a +0 falchion. The wight hits you with a +5 flail!
A gnoll comes into view. It is wielding a +0 halberd.
The necrophage closely misses you.
The gnoll shaman shouts!
The gnoll shaman is attracted toward you.
The gnoll is attracted toward you. The wight is attracted toward you.
The gnoll is attracted toward you.
You closely miss the orc.
Flame seeps out of the orc.
You claw the orc.
Flame seeps out of the orc.
You bite the orc.
The orc is almost dead.
The orc is engulfed in blazing flames.
The orc explodes!
The fiery explosion engulfs the wight!! x2
You destroy the wight!
The fiery explosion engulfs you!!
Ouch! That really hurt!
* * * LOW HITPOINT WARNING * * *
The fiery explosion engulfs the wight!! x2
The fiery explosion engulfs the wight!
Flame seeps out of the wight.
The wight is heavily damaged.
The wight explodes!
The fiery explosion engulfs you!!!
Ouch! That really hurt!
You die...

..........S
.#....#........S.
#................
§#............o..
...[.....##.....
...g§....# ...#
.....g...###..#
#...g§§§#.†.#
#..gn@○§...##
##./.§§z.#.#
#######§#.# #....
∆ ∆ ###... .....
#..... .#..##. #
... ##


You could see a necrophage (inner flame), a gnoll shaman (inner flame), a wight
(inner flame) and 3 gnolls.

Vanquished Creatures
  4 wights (D:7)
  2 howler monkeys (D:7)
  A bullfrog skeleton (D:6)
  A killer bee zombie (D:6)
  4 adders
  A worm (D:3)
  2 dart slugs (D:1)
  An orc (D:7)
  6 ball pythons
  7 endoplasms
  2 giant cockroaches
  3 goblins
  7 hobgoblins
  2 jackals
  A quokka (D:2)
  4 bats
  2 frilled lizards
  4 kobolds
  5 rats
59 creatures vanquished.

Vanquished Creatures (others)
  2 plants (D:7)
2 creatures vanquished.

Grand Total: 61 creatures vanquished

Notes
Turn   | Place    | Note
-------+----------+-------------------------------------------
     0 | D:1      | croobank the Gnoll Transmuter began the quest for the Orb.
     0 | D:1      | Reached XP level 1. HP: 17/17 MP: 6/6
   455 | D:1      | Reached XP level 2. HP: 17/23 MP: 7/7
   933 | D:1      | Reached XP level 3. HP: 28/28 MP: 7/9
   936 | D:1      | Learned a level 2 spell: Wereblood
  1125 | D:1      | Reached skill level 5 in Spellcasting
  1551 | D:2      | Reached skill level 1 in Invocations
  1564 | D:2      | Learned a level 3 spell: Spider Form
  1881 | D:2      | Reached skill level 1 in Short Blades
  1881 | D:2      | Reached skill level 1 in Long Blades
  1881 | D:2      | Reached skill level 1 in Axes
  1881 | D:2      | Reached skill level 1 in Maces & Flails
  1881 | D:2      | Reached skill level 1 in Polearms
  1881 | D:2      | Reached skill level 1 in Staves
  1881 | D:2      | Reached skill level 1 in Slings
  1881 | D:2      | Reached skill level 1 in Bows
  1881 | D:2      | Reached skill level 1 in Crossbows
  1881 | D:2      | Reached skill level 1 in Throwing
  1881 | D:2      | Reached skill level 1 in Armour
  1881 | D:2      | Reached skill level 1 in Stealth
  1881 | D:2      | Reached skill level 1 in Shields
  1881 | D:2      | Reached skill level 1 in Evocations
  1881 | D:2      | Reached XP level 4. HP: 29/34 MP: 8/11
  2209 | D:2      | Learned a level 4 spell: Ice Form
  2311 | D:2      | Found a faded altar of an unknown god.
  2630 | D:3      | Reached skill level 1 in Conjurations
  2630 | D:3      | Reached skill level 1 in Hexes
  2630 | D:3      | Reached skill level 1 in Summonings
  2630 | D:3      | Reached skill level 1 in Necromancy
  2630 | D:3      | Reached skill level 1 in Translocations
  2630 | D:3      | Reached skill level 1 in Fire Magic
  2630 | D:3      | Reached skill level 1 in Ice Magic
  2630 | D:3      | Reached skill level 1 in Air Magic
  2630 | D:3      | Reached skill level 1 in Earth Magic
  2630 | D:3      | Reached skill level 1 in Poison Magic
  2874 | D:3      | You fall into a shaft and drop 3 floors!
  2874 | D:6      | Noticed a hornet
  2882 | D:6      | Reached XP level 5. HP: 40/40 MP: 10/12
  2896 | D:6      | Noticed a necrophage
  2911 | D:6      | Noticed a steam dragon
  2925 | D:7      | Noticed a water moccasin
  2931 | D:7      | Noticed a necrophage
  2937 | D:7      | Killed by an exploding wight... ignited by their inner
                  | flame

Illustrated notes

Levels and vault maps discovered:
D:1:      tarquinn_simple_flora_water_b, layout_basic
D:2:      minmay_general_purpose_star, layout_basic,
          nicolae_ecumenical_oubliette
D:3:      layout_loops_ring, minmay_starry_boxes
D:6:      minmay_clustersquares, layout_rooms, elyvilon_altar_3
D:7:      cheibrodos_barr_body, layout_cave_pools, grunt_temple_overflow_open,
          minmay_temple_entry_gardened_gates, enter_bailey_2,
          uniq_crazy_yiuf_cottage, uniq_harold, uniq_pikel

Skill      XL: |  1  2  3  4  5 |
---------------+----------------+-----
Spellcasting   | 5 |  5.2
Invocations    | 1 |  1.9
Short Blades   | 1 |  1.7
Long Blades    | 1 |  1.7
Axes           | 1 |  1.7
Maces & Flails | 1 |  1.7
Polearms       | 1 |  1.7
Staves         | 1 |  1.7
Slings         | 1 |  1.7
Bows           | 1 |  1.7
Crossbows      | 1 |  1.7
Throwing       | 1 |  1.7
Armour         | 1 |  1.7
Stealth        | 1 |  1.7
Shields        | 1 |  1.7
Evocations     | 1 |  1.7
Conjurations   | 1 |  1.3
Hexes          | 1 |  1.3
Summonings     | 1 |  1.3
Necromancy     | 1 |  1.3
Translocations | 1 |  1.3
Fire Magic     | 1 |  1.3
Ice Magic      | 1 |  1.3
Air Magic      | 1 |  1.3
Earth Magic    | 1 |  1.3
Poison Magic   | 1 |  1.3
Fighting       | 3 |  3.1
Transmutations | 4 |  4.0
Dodging        | |  4.9
Unarmed Combat | |  6.7

Action                   |  1- 3 |  4- 6 || total
-------------------------+-------+-------++-------
Melee: Mace              |    16 |       ||    16
       Unarmed           |     6 |       ||     6
       Kick              |    12 |    12 ||    24
       Bite              |     4 |     5 ||     9
       Falchion          |    49 |    35 ||    84
       Headbutt          |     7 |     6 ||    13
       Punch             |     1 |     1 ||     2
       Whip              |       |    19 ||    19
Throw: Boomerang         |       |     2 ||     2
 Cast: Beastly Appendage |    20 |    16 ||    36
       Wereblood         |     1 |     2 ||     3
  Use: Scroll            |       |     3 ||     3
       Potion            |       |     2 ||     2
 Stab: Sleeping          |     2 |     1 ||     3
Armor: Robe              |     6 |       ||     6
       Leather armour    |    20 |    14 ||    34
Dodge: Dodged            |    42 |    43 ||    85
